 Dungeon Crawl Stone Soup version 0.19.0-2-gae57169 (webtiles) character file.

52739 dobroeutro the Basher (level 14, -5/81 HPs)
             Began as a Gargoyle Fighter on Nov 6, 2016.
             Was the Champion of Okawaru.
             Slain by a sphinx (7 damage)
             ... summoned by Kirke
             ... on level 6 of the Lair of Beasts.
             The game lasted 00:38:20 (19388 turns).

dobroeutro the Basher (Gargoyle Fighter)           Turns: 19388, Time: 00:38:22

Health: -5/81      AC:  0    Str: 24 (25) XL:     14   Next: 65%
Magic:  21/21      EV: 20    Int:  7 (8)  God:    Okawaru [******]
Gold:   1117       SH:  5    Dex:  9 (10) Spells: 0 memorised, 13 levels left

rFire  . . .     SeeInvis .     (weapon currently unavailable)
rCold  . . .     Gourm    .     (armour currently unavailable)
rNeg   + . .     Faith    .     (shield currently unavailable)
rPois  ∞         Spirit   .     (helmet currently unavailable)
rElec  .         Reflect  +     (cloak currently unavailable)
rCorr  .         Harm     .     (gloves currently unavailable)
MR     +....     Clarity  +     (boots currently unavailable)
Stlth  +.........               G - +5 amulet of reflection
                                (ring currently unavailable)
                                (ring currently unavailable)

@: pig-form, slowed
A: (big wings), repulsion field 1, (icy blue scales 0), (large bone plates 0),
blurry vision 1, clarity, deterioration 2, frail 1, negative energy resistance
1, screaming 2, (electricity resistance), slow regeneration 1, (unbreathing),
evolution 1, petrification resistance, rot immunity, AC +9
a: Heroism, Finesse, Renounce Religion


You were on level 6 of the Lair of Beasts.
You worshipped Okawaru.
Okawaru was exalted by your worship.
You were not hungry.
You were a filthy swine.
You visited 3 branches of the dungeon, and saw 19 of its levels.
You also visited: Labyrinth.

You collected 1327 gold pieces.
You spent 210 gold pieces at shops.

Inventory:

Hand Weapons
 l - a +1 morningstar of protection (melded)
Armour
 o - a +0 pair of gloves (melded)
 t - a +2 pair of boots (melded)
 w - a +3 chain mail of cold resistance
 x - a +1 cloak (melded)
 C - the +1 buckler "Ciwoth" (melded) {rF+ rN+}
   (You found it in a labyrinth)

   It protects you from fire.
   It protects you from negative energy.
 N - a +1 plate armour of fire resistance
 O - a +1 hat of magic resistance (melded)
 T - the +4 chain mail of the Armadillo (melded) {Dex+3}
   (You found it in a labyrinth)

   It affects your dexterity (+3).
Rods
 Z - a +4 lightning rod (11/11)
   (You found it in a labyrinth)
Jewellery
 D - an uncursed ring of resist corrosion
 E - a ring of see invisible (melded)
 G - a +5 amulet of reflection (around neck)
 I - an uncursed ring of wizardry {unknown}
 P - a cursed ring of teleportation {unknown}
 X - the ring of Robustness (melded) {AC+8}
   (You found it in a labyrinth)

   [ring of protection]

   It affects your AC (+8).
Wands
 v - a wand of hasting (3/9)
 y - a wand of paralysis (14/24)
 A - a wand of teleportation (2/9)
 L - a wand of digging (15/24)
 W - a wand of lightning (6/15)
Scrolls
 a - 2 scrolls of magic mapping
 b - 3 scrolls of fog
 i - 3 scrolls of fear
 m - 5 scrolls of enchant armour
 n - 10 scrolls of remove curse
 q - 7 scrolls of teleportation
 r - 7 scrolls of identify
 B - 6 scrolls of blinking
 F - 3 scrolls of enchant weapon
 J - 4 scrolls of amnesia
 Q - a scroll of brand weapon
 S - a scroll of recharging
Potions
 d - 3 potions of might
 e - 2 potions of lignification
 g - 3 potions of haste
 h - 2 potions of agility
 j - 2 potions of berserk rage
 k - a potion of magic
 p - a potion of cancellation
 s - a potion of resistance
 u - 4 potions of flight
 H - 7 potions of curing
 R - a potion of invisibility
 U - 5 potions of brilliance
Miscellaneous
 c - a disc of storms
Comestibles
 f - 9 bread rations
 z - 7 meat rations
 K - 19 fruits
 M - 7 royal jellies
 V - a slice of pizza


   Skills:
 + Level 11.7 Fighting
 + Level 13.4 Maces & Flails
 + Level 11.6 Armour
 + Level 8.4 Dodging
 + Level 7.5 Shields
 + Level 9.9 Evocations


You had 13 spell levels left.
You didn't know any spells.

Dungeon Overview and Level Annotations

Branches:
Dungeon (12/15)            Temple (1/1) D:4            Lair (6/6) D:8
  Swamp (0/4) Lair:4        Snake (0/4) Lair:2        Slime (0/5) Lair:6
    Orc (0/2) D:9

Altars:
Ashenzari
Cheibriados
Dithmenos
Elyvilon
Fedhas
Gozag
Hepliaklqana
Kikubaaqudgha
Makhleb
Nemelex Xobeh
Okawaru
Qazlal
Ru
Sif Muna
Trog
Uskayaw
Vehumet
Xom
Yredelemnul
Zin
The Shining One

Shops:
D:6 =   D:7 }   D:9 (   D:11 =

Annotations:
Lair:2 exclusion: oklob plant
Lair:6 Kirke


Innate Abilities, Weirdness & Mutations

You are resistant to torment.
((Your stone body is resilient. (AC +9)))
You are immune to poison.
((Your large and strong wings let you fly indefinitely.))
You resist negative energy. (rN+)
((You are resistant to electric shocks. (rElec)))
((You can survive without breathing.))
You are immune to petrification.
You are immune to rotting.
You are surrounded by a mild repulsion field. (EV +2)
((You are partially covered in icy blue scales. (AC +2)))
((You are partially covered in large bone plates. (SH +4)))
Scrolls take you a little longer to read.
You possess an exceptional clarity of mind.
Your body often deteriorates upon taking damage.
You are frail. (-10% HP)
You sometimes yell uncontrollably at your foes.
You regenerate slowly when monsters are visible.
You evolve.


Message History

The harpy screeches!
The harpy misses you. You block the harpy's attack. The hog bites you.
The harpy closely misses you. You block the harpy's attack.
The hog closely misses you. The harpy closely misses you.
The harpy barely misses you. The harpy claws you!
* * * LOW HITPOINT WARNING * * *
Your body deteriorates!
You feel clumsy. You block the harpy's attack.
The harpy screeches! x2
You block the sphinx's attack. The sphinx closely misses you.
The sphinx completely misses you. The harpy barely misses you.
The harpy misses you. You block the harpy's attack. The harpy misses you.
The harpy claws you.
* * * LOW HITPOINT WARNING * * *
The harpy completely misses you. The hog bites you.
* * * LOW HITPOINT WARNING * * *
The sphinx hits you!
* * * LOW HITPOINT WARNING * * *
The sphinx hits you!
You die...

##..##.P.######...##
#...##..#####...#.#
##....#'##PP#....##
#................##
##.................
#.................
##.................
#....H.............
##h................
#.hH{...........†..
#Ph..H.............
#..................
##.......<.........
#.................
##.................
#P.................
##..............†...


You could see a sphinx, 2 harpies and 2 hogs.

Vanquished Creatures
  Gastronok (Lair:3)
  A dire elephant (Lair:6)
  A minotaur (Lab)
  An anaconda (Lair:5)
  5 hydras
  4 death yaks (Lair:5)
  Urug (Lair:4)
  A sun demon (Lair:6)
  3 unseen horrors
  A wizard (Lair:6)
  Pikel (D:9)
  6 hill giants
  A deep elf mage (D:12)
  A manticore (D:11)
  2 ugly things
  2 cyclopes
  6 black mambas
  8 elephants
  A torpor snail (Lair:2)
  5 orange demons (Lair:6)
  A smoke demon (Lair:6)
  7 spiny frogs
  3 rime drakes
  11 komodo dragons
  A hellwing (Lair:6)
  2 red devils (Lair:6)
  A queen bee (D:12)
  4 trolls
  2 tyrant leeches (Lair:4)
  3 meliai
  2 polar bears
  A hornet (D:7)
  4 hippogriffs
  A blink frog (Lair:6)
  Sigmund (D:4)
  A shadow (Lab)
  3 basilisks
  6 hogs
  Eustachio (D:4)
  27 yaks
  A human (D:7)
  A swamp worm (Lair:4)
  Menkaure (D:4)
  4 wargs
  2 nagas (Lair:2)
  2 hell hounds (Lair:6)
  7 porcupines
  24 water moccasins
  2 orc warriors
  A black bear (D:8)
  2 sky beasts
  A slave (D:9)
  2 ice beasts
  3 phantoms
  A necrophage (D:12)
  4 wolves
  5 ogres
  15 crocodiles
  A centaur (D:12)
  A big kobold (D:10)
  Blork the orc (D:5)
  14 bullfrogs
  2 gnoll sergeants
  A wyvern skeleton (D:7)
  2 scorpions (D:6)
  The ghost of CcS the Skirmisher, a weakling MiFi (D:3)
  3 howler monkeys
  17 killer bees
  An electric eel (Lair:6)
  5 crimson imps
  11 jellies
  2 quasits
  4 orc priests
  6 hounds
  8 orc wizards
  Crazy Yiuf (D:3)
  A gnoll shaman (D:8)
  5 bullfrog skeletons
  Terence (D:2)
  4 iguanas
  7 hell rats (Lair:4)
  Natasha (thrice) (D:3)
  8 worker ants
  2 worker ant zombies
  Robin (D:3)
  14 gnolls
  13 adders
  4 shadow imps
  15 oozes
  An adder zombie (D:5)
  5 worms
  An adder skeleton (D:4)
  2 leopard geckos
  26 orcs
  2 ball pythons
  8 giant cockroaches
  16 goblins
  9 hobgoblins
  2 jackals (D:2)
  2 quokkas (D:2)
  5 bats
  8 frilled lizards
  A jackal skeleton (D:8)
  7 kobolds
  5 rats
  A spectral orc (D:5)
  A butterfly (Lair:6)
  4 fungi
  3 plants
480 creatures vanquished.

Vanquished Creatures (others)
  A centaur (D:9)
  14 fungi
  8 plants
23 creatures vanquished.

Grand Total: 503 creatures vanquished

Notes
Turn   | Place    | Note
-------+----------+-------------------------------------------
     0 | D:1      | dobroeutro the Gargoyle Fighter began the quest for the Orb.
     0 | D:1      | Reached XP level 1. HP: 14/14 MP: 1/1
   287 | D:1      | Reached XP level 2. HP: 18/19 MP: 2/2
   423 | D:1      | Reached skill level 3 in Maces & Flails
   913 | D:2      | Reached XP level 3. HP: 20/23 MP: 3/3
  1072 | D:2      | Found a shimmering altar of Xom.
  1079 | D:2      | Found a shimmering altar of Xom.
  1079 | D:2      | Found a shimmering altar of Xom.
  1080 | D:2      | Found a shimmering altar of Xom.
  1081 | D:2      | Found a shimmering altar of Xom.
  1309 | D:2      | Noticed Terence
  1331 | D:2      | Killed Terence
  1331 | D:2      | Reached skill level 4 in Maces & Flails
  1331 | D:2      | Reached XP level 4. HP: 24/28 MP: 4/4
  1686 | D:3      | Noticed Robin
  2003 | D:3      | Killed Robin
  2097 | D:3      | Reached skill level 5 in Maces & Flails
  2186 | D:3      | Noticed Natasha
  2195 | D:3      | Killed Natasha
  2195 | D:3      | Reached XP level 5. HP: 24/32 MP: 5/5
  2321 | D:3      | Noticed CcS's ghost (weakling MiFi)
  2323 | D:3      | Noticed Natasha
  2338 | D:3      | Killed CcS's ghost
  2561 | D:3      | Killed Natasha
  2581 | D:3      | Reached skill level 6 in Maces & Flails
  2646 | D:3      | Found a glowing silver altar of Zin.
  2665 | D:3      | Noticed Natasha
  2675 | D:3      | Killed Natasha
  2675 | D:3      | Reached XP level 6. HP: 33/37 MP: 6/6
  2857 | D:3      | Found a runed door.
  2861 | D:3      | Noticed Crazy Yiuf
  2867 | D:3      | Killed Crazy Yiuf
  3061 | D:4      | Noticed Sigmund
  3070 | D:4      | Killed Sigmund
  3070 | D:4      | Reached skill level 7 in Maces & Flails
  3070 | D:4      | Reached XP level 7. HP: 33/41 MP: 7/7
  3106 | D:4      | Noticed Eustachio
  3379 | D:4      | Killed Eustachio
  3379 | D:4      | Reached skill level 8 in Maces & Flails
  3385 | D:4      | Found a staircase to the Ecumenical Temple.
  3404 | Temple   | Entered the Ecumenical Temple
  3421 | Temple   | Became a worshipper of Warmaster Okawaru
  3469 | D:4      | Found a shattered altar of Ashenzari.
  3469 | D:4      | Found a radiant altar of Vehumet.
  3503 | D:4      | Found a shadowy altar of Dithmenos.
  3687 | D:4      | Found an opulent altar of Gozag.
  3715 | D:4      | Noticed Menkaure
  3721 | D:4      | HP: 2/41 [Menkaure (16)]
  3723 | D:4      | Killed Menkaure
  3723 | D:4      | Reached skill level 9 in Maces & Flails
  3723 | D:4      | Reached skill level 1 in Evocations
  3723 | D:4      | Reached XP level 8. HP: 26/46 MP: 7/9
  3817 | D:5      | Entered Level 5 of the Dungeon
  4212 | D:5      | Found a basalt altar of Yredelemnul.
  4229 | D:5      | Noticed Blork the orc
  4246 | D:5      | Killed Blork the orc
  4440 | D:5      | Found an iron altar of Okawaru.
  4444 | D:5      | Reached * piety under Okawaru
  4707 | D:6      | Reached skill level 1 in Dodging
  4717 | D:6      | Found Utum's Jewellery Emporium.
  4726 | D:6      | Bought an uncursed ring of see invisible for 210 gold pieces
  4893 | D:6      | Gained mutation: You are frail. (-10% HP) [mutagenic meat]
  4894 | D:6      | Gained mutation: You are partially covered in large bone plates. (SH +4) [mutagenic meat]
  4895 | D:6      | Gained mutation: You are partially covered in icy blue scales. (AC +2) [mutagenic meat]
  5127 | D:7      | Noticed a hippogriff
  5138 | D:7      | Killed a hippogriff
  5138 | D:7      | Reached XP level 9. HP: 37/46 MP: 11/11
  5219 | D:7      | Found Inudd's Gadget Shoppe.
  5257 | D:7      | Reached ** piety under Okawaru
  5267 | D:7      | Reached skill level 5 in Fighting
  5267 | D:7      | Reached skill level 5 in Armour
  5365 | D:7      | Noticed a red ugly thing
  5372 | D:7      | Noticed a hornet
  5385 | D:7      | Killed a red ugly thing
  5385 | D:7      | Reached skill level 10 in Maces & Flails
  5396 | D:7      | Killed a hornet
  5396 | D:7      | Reached *** piety under Okawaru
  5405 | D:7      | Gained mutation: You occasionally shout uncontrollably at your foes. [mutagenic meat]
  5406 | D:7      | Gained mutation: Your large and strong wings let you fly indefinitely. [mutagenic meat]
  5407 | D:7      | Gained mutation: Your body sometimes deteriorates upon taking damage. [mutagenic meat]
  5762 | D:7      | Reached XP level 10. HP: 53/54 MP: 13/13
  6796 | D:8      | Found a staircase to the Lair.
  6883 | D:8      | Noticed an unseen horror
  6895 | D:8      | Killed an unseen horror
  6895 | D:8      | Reached **** piety under Okawaru
  6895 | D:8      | Reached skill level 5 in Evocations
  7312 | D:9      | Found a staircase to the Orcish Mines.
  7936 | D:9      | Reached ***** piety under Okawaru
  8062 | D:9      | Noticed Pikel
  8077 | D:9      | Killed Pikel
  8077 | D:9      | Reached skill level 11 in Maces & Flails
  8077 | D:9      | Reached XP level 11. HP: 60/60 MP: 15/15
  8213 | D:9      | Received a gift from Okawaru
  8216 | D:9      | Found Muykk's Antique Weapon Shop.
  8309 | D:10     | Entered Level 10 of the Dungeon
  8804 | D:10     | Noticed a hill giant
  8815 | D:10     | Killed a hill giant
  8815 | D:10     | Reached skill level 5 in Dodging
  8867 | D:11     | Noticed a hill giant
  8878 | D:11     | Killed a hill giant
  9101 | D:11     | Found Feeppys's Jewellery Shop.
  9128 | D:11     | Noticed an unseen horror
  9147 | D:11     | Killed an unseen horror
  9150 | D:11     | Noticed a manticore
  9162 | D:11     | Killed a manticore
  9175 | D:11     | Noticed a hill giant
  9185 | D:11     | Killed a hill giant
  9192 | D:11     | Found a labyrinth entrance.
  9196 | Lab      | Entered a labyrinth
  9434 | Lab      | Noticed a minotaur
  9456 | Lab      | Killed a minotaur
  9476 | Lab      | Got a faintly humming buckler
  9476 | Lab      | Got a smoking chain mail
  9515 | D:11     | Noticed a hill giant
  9516 | D:11     | Identified the +1 buckler "Ciwoth" {rF+ rN+} (You found it in a labyrinth)
  9531 | D:11     | Killed a hill giant
  9777 | D:11     | Identified the +4 chain mail of the Armadillo {Dex+3} (You found it in a labyrinth)
  9916 | D:11     | Noticed a hill giant
  9926 | D:11     | Killed a hill giant
 10121 | D:11     | Noticed a cyclops
 10142 | D:10     | Killed a cyclops
 10194 | D:11     | Reached XP level 12. HP: 59/67 MP: 17/17
 10203 | D:11     | Reached ****** piety under Okawaru
 10203 | D:11     | Received a gift from Okawaru
 11184 | D:12     | Reached skill level 12 in Maces & Flails
 11501 | D:12     | Received a gift from Okawaru
 11521 | D:12     | Gained mutation: Your body often deteriorates upon taking damage. [mutagenic meat]
 11529 | D:12     | Gained mutation: Scrolls take you a little longer to read. [potion of mutation]
 11529 | D:12     | Gained mutation: You possess an exceptional clarity of mind. [potion of mutation]
 11529 | D:12     | Gained mutation: You regenerate slowly when monsters are visible. [potion of mutation]
 11530 | D:12     | Gained mutation: You sometimes yell uncontrollably at your foes. [potion of mutation]
 11530 | D:12     | Gained mutation: You evolve. [potion of mutation]
 11607 | D:12     | Noticed a soul eater
 12068 | Lair:1   | Entered Level 1 of the Lair of Beasts
 12082 | Lair:1   | Found a shadowy altar of Dithmenos.
 12256 | Lair:1   | Noticed a seven-headed hydra
 12269 | Lair:1   | Killed a seven-headed hydra
 12820 | Lair:2   | Reached skill level 10 in Armour
 12942 | Lair:2   | Reached skill level 10 in Fighting
 12942 | Lair:2   | Reached XP level 13. HP: 70/73 MP: 19/19
 13408 | Lair:2   | HP: 3/73 [acid (9)]
 13743 | Lair:2   | Found a staircase to the Snake Pit.
 14143 | Lair:3   | Received a gift from Okawaru
 14661 | Lair:3   | Noticed Gastronok
 14686 | Lair:3   | Killed Gastronok
 14686 | Lair:3   | Reached skill level 5 in Shields
 15533 | Lair:4   | Noticed Urug
 15599 | Lair:4   | Killed Urug
 15839 | Lair:4   | Gained mutation: You rapidly evolve. [evolution]
 15839 | Lair:4   | Lost mutation: You rapidly evolve. [end of evolution]
 15883 | Lair:4   | Got a brightly glowing quarterstaff
 15889 | Lair:4   | Identified the +11 quarterstaff of Courage {distort, rPois Str+4} (You found it on level 4 of the Lair of Beasts)
 16272 | Lair:4   | Received a gift from Okawaru
 16375 | Lair:4   | Found a staircase to the Swamp.
 16795 | Lair:5   | Reached skill level 13 in Maces & Flails
 17117 | Lair:5   | Mutation became permanent: Your large and strong wings let you fly indefinitely. [Gargoyle growth]
 17117 | Lair:5   | Reached XP level 14. HP: 77/81 MP: 20/20
 17867 | Lair:6   | Entered Level 6 of the Lair of Beasts
 18079 | Lair:6   | Noticed a dire elephant
 18092 | Lair:6   | Killed a dire elephant
 18183 | Lair:6   | Gained mutation: You are surrounded by a mild repulsion field. (EV +2) [evolution]
 18427 | Lair:6   | Paralysed by a wizard for 4 turns
 18441 | Lair:6   | Found a burning altar of Makhleb.
 18496 | Lair:6   | Received a gift from Okawaru
 19004 | Lair:6   | Noticed Kirke
 19091 | Lair:6   | Found a staircase to the Slime Pits.
 19381 | Lair:6   | Noticed a sphinx
 19388 | Lair:6   | HP: 2/81 [sphinx[Kirke] (8)]
 19388 | Lair:6   | Slain by a sphinx

Skill      XL: |  1  2  3  4  5  6  7  8  9 10 11 12 13 14 |
---------------+-------------------------------------------+-----
Maces & Flails | 3 4 5 6 7 9 10 11 12 13 | 13.4
Evocations     | 1 3 4 6 7 8 9 |  9.9
Dodging        | 2 3 4 5 7 8 |  8.4
Fighting       | 4 5 7 8 10 11 | 11.7
Armour         | 4 5 7 8 10 11 | 11.6
Shields        | 6 7 |  7.5

Action                   |  1- 3 |  4- 6 |  7- 9 | 10-12 | 13-15 || total
-------------------------+-------+-------+-------+-------+-------++-------
Melee: Flail             |   129 |   203 |   324 |   507 |       ||  1163
       Morningstar       |       |       |       |   508 |   962 ||  1470
       Unarmed           |       |       |       |       |     1 ||     1
Invok: Heroism           |       |       |     2 |     4 |     8 ||    14
       Finesse           |       |       |       |       |     1 ||     1
Evoke: Rod               |       |       |       |     1 |     2 ||     3
       Wand              |       |       |       |       |     2 ||     2
       Disc of storms    |       |       |       |       |    21 ||    21
  Use: Potion            |       |       |     1 |     4 |     4 ||     9
       Scroll            |       |       |    15 |    14 |     7 ||    36
  Eat: Chunk             |     1 |     7 |    15 |    22 |     9 ||    54
       Beef jerky        |       |       |       |     3 |     2 ||     5
       Pizza             |       |       |       |     1 |     8 ||     9
Armor: Scale mail        |    58 |   143 |   170 |   221 |       ||   592
       Chain mail        |       |       |       |   225 |   470 ||   695
Dodge: Dodged            |    36 |    57 |    80 |   365 |   430 ||   968
Block: Shield            |    63 |   124 |   142 |   505 |       ||   834
       Reflection        |       |       |       |    10 |     9 ||    19
       Buckler           |       |       |       |   424 |   868 ||  1292
       Other             |       |       |       |       |     8 ||     8
